 Dungeon Crawl Stone Soup version 0.18-a0-1643-gb89d9db (webtiles) character file.

1663 M4edhros the Sneak (level 9, -10/56 HPs)
             Began as an Octopode Fighter on Mar 29, 2016.
             Was an Initiate of Gozag.
             Shot with an arrow by a centaur (12 damage)
             ... on level 6 of the Dungeon.
             The game lasted 00:08:08 (5837 turns).

M4edhros the Sneak (Octopode Fighter)               Turns: 5837, Time: 00:08:09

Health: -10/56     AC:  1    Str: 19    XL:     9   Next: 1%
Magic:  9/9        EV: 14    Int: 11    God:    Gozag
Gold:   165        SH: 10    Dex: 14    Spells: 0 memorised, 8 levels left

rFire  . . .     SeeInvis +     a - +0 trident
rCold  . . .     Gourm    .     b - +0 shield
rNeg   . . .     Faith    .     (helmet restricted)
rPois  .         Spirit   .     h - amulet of harm
rElec  .         Dismiss  .     k - ring of sustain attributes
rCorr  .         Reflect  .     r - ring of see invisible
SustAt +         Harm     +     (no ring)
MR     +....     Clarity  +     (no ring)
Stlth  +++++.....               (no ring)
                                (no ring)
                                (no ring)
                                (no ring)

@: somewhat resistant to hostile enchantments, quite stealthy
A: almost no armour, amphibious, 8 rings, constrict 8, camouflage 1, clarity,
magic resistance 1, strong 2, gelatinous body 1
a: Potion Petition, Call Merchant, Bribe Branch, Renounce Religion


You were on level 6 of the Dungeon.
You worshipped Gozag.
Gozag was noncommittal.
You were hungry.

You visited 1 branch of the dungeon, and saw 6 of its levels.
You also visited: Sewer.

You collected 864 gold pieces.
You paid 699 gold pieces to Gozag.

Inventory:

Hand Weapons
 a - a +0 trident (weapon)
 s - a +1 hunting sling
Missiles
 g - 13 poisoned needles
 m - 220 stones (quivered)
 n - 35 sling bullets
 o - 13 poisoned sling bullets
 t - 8 sling bullets of frost
Armour
 b - a +0 shield (worn)
Jewellery
 h - an amulet of harm (around mantle)
 i - an uncursed ring of teleportation
 k - a ring of sustain attributes (left tentacle)
 r - a ring of see invisible (right tentacle)
Wands
 e - a wand of lightning (8/15)
 y - a wand of iceblast (6/15)
Scrolls
 f - a scroll of remove curse
 j - 2 scrolls of immolation {unknown}
 v - a scroll of recharging
 A - a scroll of identify
 C - a scroll of magic mapping
Potions
 c - 2 potions of might
 q - 2 potions of curing
 u - a potion of invisibility
 w - 2 potions of degeneration
 z - a potion of agility
Comestibles
 d - 3 bread rations
 l - 3 beef jerkies
 p - a meat ration
 x - 2 slices of pizza


   Skills:
 - Level 3.0 Fighting
 + Level 5.9 Polearms
 + Level 6.4 Dodging
 + Level 7.7 Stealth
 + Level 6.0 Shields


You had 8 spell levels left.
You didn't know any spells.

Dungeon Overview and Level Annotations

Branches:
Dungeon (6/15)
 Temple: D:4-7

Altars:
Dithmenos
Fedhas
Gozag
Kikubaaqudgha
Makhleb
Nemelex Xobeh
Okawaru
Vehumet
Zin

Shops:
D:6 =


Innate Abilities, Weirdness & Mutations

You cannot wear most types of armour.
You are amphibious.
You can wear up to eight rings at the same time.
You can use your tentacles to constrict eight enemies at once.
Your skin changes colour to match your surroundings (Stealth).
Your rubbery body absorbs attacks (AC +1).
You possess an exceptional clarity of mind.
You are resistant to hostile enchantments.
Your muscles are very strong. (Str +4)


Message History

Press: ? - help, Dir - move target cursor, f/p - centaur
Aim: a centaur (almost dead)
The bush is in the way.
You hit the bush but do no damage.
The bush is lightly damaged.
The centaur wields an uncursed shortbow.
The centaur shoots an arrow.
You block the arrow.
The orc hits the bush but does no damage.
Something hits the bush.
Unknown command.
Attack whom?
Press: ? - help, Dir - move target cursor, f/p - centaur
Aim: a centaur, wielding a shortbow (almost dead)
You reach to attack!
You barely miss the centaur.
The centaur is almost dead.
The centaur shoots an arrow.
The arrow hits you!
* * * LOW HITPOINT WARNING * * *
The orc hits the bush but does no damage.
The centaur shoots an arrow.
The arrow hits you!
You die...
Your body crumbles into a pile of gold.

#### ########.####..#_..'.# #
##.. ..............#...#.# #
.#.## #######.###...#####.# #
.#..########...o...#.##.)..######
........)....PPP.P...............
.......#####.PoP.P....#....######
##..##.# ###.PPcPP#####....# #
.......# ....PPPP.#####....#
#.....##.###..PP@.#........#
#.................#.###.########
#####.##.#######..#.#...##.....#
............# ##..(###.##.....#
.....###.##.# ##..# #.##.....##
.....# # # #.(###.##.....##
....<# #......##.....## .....#
##.###.##....... .....# #.#
#.##.....##


You could see a centaur and an orc.

Vanquished Creatures
  Eustachio (D:4)
  Purgy (Sewer)
  An ice beast (D:6)
  An orc warrior (D:6)
  A phantom (D:6)
  4 ogres
  2 centaurs
  A scorpion (D:4)
  3 howler monkeys
  A crimson imp (D:6)
  2 hounds
  A giant frog skeleton (D:6)
  An orc priest (D:5)
  3 orc wizards
  A centaur skeleton (D:4)
  A worker ant zombie (D:5)
  4 gnolls (D:4)
  2 howler monkey skeletons
  5 adders
  2 oozes (D:4)
  An adder zombie (D:5)
  5 worms
  A dart slug (D:2)
  8 giant geckos
  8 orcs
  3 giant cockroaches
  6 goblins
  2 hobgoblins (D:1)
  9 jackals
  A quokka (D:6)
  3 ball pythons
  5 bats
  5 giant newts
  A kobold (D:2)
  4 rats
100 creatures vanquished.

Vanquished Creatures (others)
  A human (D:4)
1 creature vanquished.

Grand Total: 101 creatures vanquished

Notes
Turn   | Place    | Note
--------------------------------------------------------------
     0 | D:1      | M4edhros the Octopode Fighter began the quest for the Orb.
     0 | D:1      | Reached XP level 1. HP: 16/16 MP: 1/1
   270 | D:1      | Reached skill level 1 in Stealth
   281 | D:1      | Reached XP level 2. HP: 17/21 MP: 2/2
   746 | D:2      | Reached XP level 3. HP: 17/26 MP: 3/3
   847 | D:2      | Reached skill level 2 in Stealth
   981 | D:2      | Found a sparkling altar of Nemelex Xobeh.
  1162 | D:2      | Found an opulent altar of Gozag.
  1164 | D:2      | Found a burning altar of Makhleb.
  1245 | D:2      | Became a worshipper of Gozag Ym Sagoz the Greedy
  1461 | D:3      | Reached XP level 4. HP: 31/31 MP: 4/4
  2059 | D:4      | Reached skill level 3 in Stealth
  2082 | D:4      | Noticed Eustachio
  2096 | D:4      | Reached XP level 5. HP: 22/36 MP: 5/5
  2107 | D:4      | Found an ancient bone altar of Kikubaaqudgha.
  2111 | D:4      | Noticed a human
  2112 | D:4      | Killed a human
  2136 | D:4      | Reached skill level 4 in Stealth
  2137 | D:4      | Reached XP level 6. HP: 42/42 MP: 6/6
  2194 | D:4      | Found a glowing drain.
  2238 | Sewer    | Entered a sewer
  2318 | Sewer    | Noticed Purgy
  2347 | Sewer    | Gained mutation: You possess an exceptional clarity of mind. [potion of mutation]
  2347 | Sewer    | Gained mutation: You are resistant to hostile enchantments. [potion of mutation]
  2347 | Sewer    | Gained mutation: Your muscles are strong. (Str +2) [potion of mutation]
  2355 | Sewer    | Killed Purgy
  2889 | D:4      | Killed Eustachio
  2889 | D:4      | Reached skill level 5 in Stealth
  2889 | D:4      | Reached XP level 7. HP: 20/46 MP: 7/7
  3343 | D:4      | Reached skill level 5 in Dodging
  3459 | D:5      | Entered Level 5 of the Dungeon
  3653 | D:4      | Reached skill level 6 in Stealth
  3653 | D:4      | Reached skill level 5 in Shields
  3905 | D:5      | Reached XP level 8. HP: 39/52 MP: 8/8
  3911 | D:5      | Found a radiant altar of Vehumet.
  4007 | D:5      | Reached skill level 5 in Polearms
  4824 | D:6      | Reached skill level 7 in Stealth
  5060 | D:6      | Found a blossoming altar of Fedhas.
  5184 | D:6      | Found a shadowy altar of Dithmenos.
  5561 | D:6      | Gained mutation: Your muscles are very strong. (Str +4) [potion of beneficial mutation]
  5594 | D:6      | Reached XP level 9. HP: 28/56 MP: 9/9
  5781 | D:6      | Found an iron altar of Okawaru.
  5781 | D:6      | Found a glowing silver altar of Zin.
  5837 | D:6      | HP: 2/56 [centaur/arrow (17)]
  5837 | D:6      | Shot with an arrow by a centaur

Vault maps used:
D:1:      lightli_arrival_isolated_outpost, minivault_11, minmay_quantized
D:2:      nicolae_overflow_hidden_temple, kennysheep_potato
D:3:      serial_bayou_pond_c, fountainhead
D:4:      gup_sewer_entry_pipe, tgw_kikubaaqudgha, uniq_eustachio
D:5:      overflow_temple_1_default, first_bread
D:6:      gammafunk_temple_overflow_elements, fedhas_bush_and_centaur_altar,
          grunt_dithmenos_shadows
Sewer:    kennysheep_door_sewer

Skill      XL: |  1  2  3  4  5  6  7  8 |
---------------+-------------------------+-----
Stealth        | 1 2 3 4 5 6 7 |  7.7
Polearms       | 3 4 5 |  5.9
Dodging        | 4 5 6 |  6.4
Shields        | 4 5 6 |  6.0
Fighting       | |  3.0

Action                   |  1- 3 |  4- 6 |  7- 9 || total
-------------------------+-------+-------+-------++-------
Melee: Trident           |    72 |    90 |   127 ||   289
 Fire: Hunting sling     |       |       |    35 ||    35
Invok: Potion Petition   |       |     1 |       ||     1
       Call Merchant     |       |       |     1 ||     1
Evoke: Wand              |       |     4 |     1 ||     5
  Use: Scroll            |       |     7 |     4 ||    11
       Potion            |       |     8 |     2 ||    10
 Stab: Sleeping          |    11 |     8 |     4 ||    23
       Distracted        |       |       |     1 ||     1
  Eat: Chunk             |     2 |       |       ||     2
       Pizza             |       |     2 |       ||     2
       Meat ration       |       |       |     2 ||     2
